 Dungeon Crawl Stone Soup version 0.31-a0-1469-gd420192249 (webtiles) character file.

Game seed: 6684590234931446267

7276 voltaire321 the Thaumaturge (level 10, -1/59 HPs)
             Began as a Deep Elf Ice Elementalist on Dec 29, 2023.
             Was a Priest of Vehumet.
             Slain by a two-headed ogre
             ... wielding a +0 giant spiked club
              (15 damage)
             ... on level 10 of the Dungeon.
             The game lasted 00:33:30 (9971 turns).

voltaire321 the Thaumaturge (DEIE)                  Turns: 9971, Time: 00:33:31

Health: -1/59      AC:  9    Str:  9    XL:     10   Next: 89%
Magic:  21/24      EV: 18    Int: 21    God:    Vehumet [***...]
Gold:   547        SH:  0    Dex: 21    Spells: 15/26 levels left

rFire   . . .        A - +3 trident of the Extremes {venom, rElec}
rCold   . . .        (no shield)
rNeg    . . .        E - +0 steam dragon scales
rPois   .            (no helmet)
rElec   +            (no cloak)
rCorr   .            j - +1 pair of gloves
SInv    +            k - +0 pair of boots
Will    +....        (no amulet)
Stlth   ++++         e - ring of see invisible
HPRegen 0.29/turn    f - +6 ring of dexterity
MPRegen 0.19/turn

%: no passive effects
@: studying Long Blades
A: no striking features
a: Renounce Religion


You were on level 10 of the Dungeon.
You worshipped Vehumet.
Vehumet was most pleased with you.
You visited 2 branches of the dungeon, and saw 11 of its levels.

You collected 547 gold pieces.

Inventory:

Hand Weapons
 b - a +2 short sword of venom
 m - a +0 rapier of electrocution
 A - the +3 trident of the Extremes (weapon) {venom, rElec}
   (You found it on level 6 of the Dungeon)

   rElec:     It insulates you from electricity.
Missiles
 p - 3 throwing nets
 J - a curare-tipped dart
Armour
 j - a +1 pair of gloves (worn)
 k - a +0 pair of boots (worn)
 E - +0 steam dragon scales (worn)
 G - a +2 ring mail of poison resistance
Jewellery
 a - a ring of willpower
 d - a ring of positive energy
 e - a ring of see invisible (left hand)
 f - a +6 ring of dexterity (right hand)
 w - a ring of fire
 y - a ring of ice
Wands
 D - a wand of flame (35)
 H - a wand of mindburst (9)
Scrolls
 g - 4 scrolls of fear
 h - 4 scrolls of teleportation
 n - 2 scrolls of poison
 x - a scroll of enchant weapon
Potions
 c - a potion of haste
 i - 3 potions of resistance
 l - a potion of cancellation {unknown}
 o - a potion of might {unknown}
 q - a potion of mutation {unknown}
 r - 3 potions of curing
 s - a potion of berserk rage
 t - 2 potions of enlightenment
 u - 2 potions of lignification
 v - 2 potions of brilliance {unknown}
 z - a potion of invisibility {unknown}
 B - a potion of attraction {unknown}
 C - a potion of magic
 F - a potion of degeneration {unknown}
 I - a potion of heal wounds {unknown}


   Skills:
 + Level 5.3 Fighting
 - Level 5.0 Armour
 + Level 8.1 Dodging
 + Level 8.7 Stealth
 + Level 8.9 Spellcasting
 + Level 5.3 Conjurations
 - Level 4.0 Summonings
 + Level 8.1 Ice Magic


You had 15 spell levels left.
You knew the following spells:

 Your Spells              Type           Power      Damage    Failure   Level
a - Freeze                Ice            100%       1d10      1%          1
b - Frozen Ramparts       Ice            86%        1d13      1%          3
c - Ozocubu's Armour      Ice            43%        N/A       1%          3
d - Magic Dart            Conj           100%       1d8       1%          1
e - Summon Ice Beast      Ice/Summ       34%        N/A       1%          3

Your spell library contained the following spells:

 Spells                   Type           Power      Damage    Failure   Level
 Volatile Blastmotes      Fire/Tloc      18%        2d11      6%          3
 Kiss of Death            Conj/Necr      80%        2d11      1%          1
 Shock                    Conj/Air       80%        1d8       1%          1
 Momentum Strike          Conj/Tloc      40%        3d9       1%          2
 Iskenderun's Mystic Bla  Conj/Tloc      20%        2d6       7%          4
 Blink                    Tloc           18%        N/A       11%         2
 Lesser Beckoning         Tloc           18%        N/A       11%         2
 Airstrike                Air            4%         2d(1-17)  19%         4
 Confusing Touch          Hex            9%         N/A       22%         3
 Swiftness                Air            9%         N/A       22%         3
 Tukima's Dance           Hex            9%         N/A       22%         3
 Summon Blazeheart Golem  Fire/Summ      17%        N/A       32%         4
 Dimensional Bullseye     Hex/Tloc       4%         N/A       58%         4
 Dispel Undead            Necr           9%         3d8       58%         4
 Orb of Destruction       Conj           15%        9d7       82%         7
 Spellforged Servitor     Conj/Summ      14%        N/A       88%         7


Dungeon Overview and Level Annotations

Branches:
Dungeon (10/15)            Temple (1/1) D:4
   Lair: D:8-11         Orc: D:9-12

Altars:
Ashenzari
Cheibriados
Dithmenos
Elyvilon
Fedhas
Gozag
Hepliaklqana
Kikubaaqudgha
Makhleb
Nemelex Xobeh
Okawaru
Qazlal
Ru
Sif Muna
Trog
Uskayaw
Vehumet
Wu Jian
Xom
Yredelemnul
Zin
The Shining One

Shops:
D:1 =   D:6 :   D:9 =

Portals:
Bailey: D:10

Annotations:
D:2 Sigmund
D:5 Grinder
D:8 1 runed translucent door, wally255's ghost, novice DsFi


Message History

The kobold demonologist is heavily wounded.
The ufetubus hits you but does no damage.
The ufetubus hits you.
The kobold demonologist barely misses you.
The ufetubus misses you. The ufetubus closely misses you.
The ufetubus completely misses you.
The ufetubus hits you but does no damage.
The neqoxec completely misses you. The iron imp completely misses you.
The ufetubus closely misses you. x2
The kobold demonologist barely misses you.
You puncture the kobold demonologist!
The kobold demonologist looks as sick as possible!
The kobold demonologist is almost dead.
You kill the kobold demonologist!
Vehumet accepts your kill.
You feel your power returning.
The neqoxec disappears in a puff of smoke!
The ufetubus disappears in a puff of smoke! x2
The iron imp disappears in a puff of smoke!
The goblin hits you but does no damage.
Things that are here:
a +0 dagger; a +0 robe The goblin hits you with a +0 spear.
The goblin misses you. The goblin completely misses you.
The goblin attacks as it pursues you!
The goblin hits you from afar with a +0 spear.
Casting: Summon Ice Beast (safe; 1% risk of failure)
Press: ? - help, Q - select action, (/) - cycle Dir - look around, f - activate A chill wind blows around you.
The goblin misses you.
The two-headed ogre attacks as it pursues you!
The two-headed ogre barely misses you.
The two-headed ogre hits you with a +0 giant club!!
* * * LOW HITPOINT WARNING * * *
The goblin barely misses you. The goblin hits you but does no damage.
The goblin closely misses you.
The two-headed ogre attacks as it pursues you!
The two-headed ogre hits you with a +0 giant spiked club!
You die...

##### ###
##...###...#
#...@.......
#..OY≈~≈≈.##
#g..≈gg.≈...
#####.#.≈g∩.≈.##
#.....#.≈...≈...
+.......≈≈≈≈≈...
#...............
#.).............
#..............


You could see a two-headed ogre, 4 goblins and a friendly ice beast (summoned).

Vanquished Creatures
  Joseph (D:8)
  Maggie (D:7)
  4 kobold demonologists
  A troll (D:9)
  Prince Ribbit (D:7)
  A wyvern (D:9)
  4 yaks (D:9)
  A steam dragon (D:10)
  An acid dragon (D:8)
  4 water moccasins
  An orc warrior (D:8)
  3 black bears (D:5)
  2 centaurs
  A phantom (D:7)
  2 kobold brigands
  2 gnoll sergeants
  4 bullfrogs
  4 scorpions
  5 wights (D:7)
  6 killer bees (D:9)
  2 howler monkeys (D:9)
  2 bombardier beetles (D:5)
  2 hounds
  4 jellies
  2 orc priests (D:9)
  A gnoll bouda (D:8)
  A sleepcap (D:6)
  3 iguanas
  7 orc wizards
  13 gnolls
  9 adders
  3 shadow imps
  3 white imps
  3 worms
  23 orcs
  3 endoplasms
  A giant cockroach (D:2)
  7 goblins
  5 hobgoblins
  4 quokkas
  3 ball pythons
  5 bats
  14 kobolds
  4 rats
173 creatures vanquished.

Vanquished Creatures (collateral kills)
  3 yaks (D:9)
  3 wraiths (D:10)
  An orc warrior (D:6)
  An orc wizard (D:6)
  2 gnolls (D:6)
10 creatures vanquished.

Grand Total: 183 creatures vanquished

Notes
Turn   | Place    | Note
-------+----------+-------------------------------------------
     0 | D:1      | voltaire321 the Deep Elf Ice Elementalist began the quest
                  | for the Orb.
     0 | D:1      | Reached XP level 1. HP: 10/10 MP: 6/6
   270 | D:1      | Reached XP level 2. HP: 13/15 MP: 2/8
   707 | D:1      | Found Naomal's Jewellery Boutique.
  1067 | D:2      | Noticed Sigmund
  1209 | D:2      | Reached XP level 3. HP: 19/20 MP: 5/9
  1642 | D:3      | Found a stormy altar of Qazlal.
  1642 | D:3      | Noticed a sky beast
  1646 | D:3      | Reached skill level 1 in Fighting
  1646 | D:3      | Reached skill level 1 in Armour
  1909 | D:3      | Learned a level 3 spell: Frozen Ramparts
  1913 | D:3      | Learned a level 3 spell: Ozocubu's Armour
  1927 | D:3      | Reached XP level 4. HP: 23/25 MP: 7/11
  2080 | D:3      | Found a hazy altar of Hepliaklqana.
  2081 | D:3      | Found a shadowy altar of Dithmenos.
  2081 | D:3      | Noticed a shadow
  2344 | D:4      | Found a staircase to the Ecumenical Temple.
  2415 | Temple   | Entered the Ecumenical Temple
  2427 | Temple   | Became a worshipper of Vehumet
  2450 | D:4      | Noticed a scorpion
  2459 | D:4      | Killed a scorpion
  2460 | D:4      | Reached XP level 5. HP: 28/29 MP: 6/12
  2780 | D:4      | Reached skill level 5 in Ice Magic
  2993 | D:4      | Found a bloodstained altar of Trog.
  3155 | D:5      | Entered Level 5 of the Dungeon
  3155 | D:5      | Found a snail-covered altar of Cheibriados.
  3156 | D:5      | Noticed Grinder
  3242 | D:5      | Reached XP level 6. HP: 25/35 MP: 10/14
  3365 | D:5      | Noticed a water moccasin
  3394 | D:5      | Reached XP level 7. HP: 33/40 MP: 1/16
  3399 | D:5      | Reached skill level 5 in Spellcasting
  3475 | D:5      | Reached skill level 5 in Stealth
  3618 | D:5      | Reached * piety under Vehumet
  3618 | D:5      | Offered knowledge of Magic Dart by Vehumet.
  3619 | D:5      | Reached skill level 5 in Dodging
  3622 | D:5      | Learned a level 1 spell: Magic Dart
  3626 | D:5      | Learned a level 3 spell: Summon Ice Beast
  3840 | D:5      | Reached XP level 8. HP: 38/46 MP: 9/18
  4322 | D:6      | Reached skill level 1 in Summonings
  4368 | D:6      | Reached skill level 1 in Conjurations
  4402 | D:6      | Found Kinyitom's Self-Improvement Boutique.
  4498 | D:6      | Offered knowledge of Mercury Vapours by Vehumet.
  4657 | D:6      | Reached ** piety under Vehumet
  4814 | D:6      | Found a basalt altar of Yredelemnul.
  4814 | D:6      | Found a glowing silver altar of Zin.
  4818 | D:6      | Found a shimmering altar of Xom.
  4819 | D:6      | Identified the +3 trident of the Extremes {venom, rElec}
  4830 | D:6      | Found a blossoming altar of Fedhas.
  5450 | D:7      | Noticed Prince Ribbit
  5457 | D:7      | Killed Prince Ribbit
  5458 | D:7      | Reached XP level 9. HP: 46/50 MP: 15/20
  6063 | D:7      | Noticed Maggie
  6077 | D:7      | Killed Maggie
  6388 | D:7      | Offered knowledge of Dazzling Flash by Vehumet.
  6897 | D:8      | Noticed Joseph
  6909 | D:8      | HP: 1/52 [Joseph/+0 quarterstaff (5)]
  6911 | D:8      | Killed Joseph
  7313 | D:8      | Found a shimmering blue altar of Sif Muna.
  7324 | D:8      | Found an iron altar of Okawaru.
  7327 | D:8      | Found an opulent altar of Gozag.
  7329 | D:8      | Found a hide-covered altar of Uskayaw.
  7359 | D:8      | Reached *** piety under Vehumet
  7393 | D:8      | Found a runed translucent door.
  7398 | D:8      | Noticed wally255's ghost (novice DsFi)
  8042 | D:9      | Offered knowledge of Volatile Blastmotes by Vehumet.
  8043 | D:9      | Reached XP level 10. HP: 58/58 MP: 19/23
  8559 | D:9      | Noticed a two-headed ogre
  8770 | D:9      | Found Etuxtab's Jewellery Boutique.
  8826 | D:9      | Noticed a soul eater
  8869 | D:9      | Reached **** piety under Vehumet
  8933 | D:9      | Reached skill level 5 in Fighting
  8943 | D:9      | Reached skill level 5 in Armour
  8943 | D:9      | Reached skill level 5 in Conjurations
  9752 | D:10     | Entered Level 10 of the Dungeon
  9772 | D:10     | Noticed a two-headed ogre
  9939 | D:10     | Found a flagged portal.
  9971 | D:10     | Slain by a two-headed ogre

Illustrated notes

Levels and vault maps discovered:
D:1:      matt_arrival_los_fun, layout_loops_ring, serial_shops, shop_fountains,
          chequers_hall_statues_y, minmay_gold_behind_fungi
D:2:      layout_basic, amcnicky_mini_rare_corridor_liquid, uniq_sigmund
D:3:      layout_loops_cross, riverfiend_overflow_shadow_ancestor,
          nicolae_qazlal_beasts_of_the_sky
D:4:      layout_gridville, lightli_temple_of_fire,
          minmay_temple_entry_junction, glass_columns_a
D:5:      layout_basic, cheibriados_altar_1, minmay_manual_mess, uniq_grinder
D:6:      layout_loops_ring, nicolae_overflow_macrodata_refinement,
          nicolae_shop_self_help
D:7:      layout_basic, uniq_maggie, uniq_prince_ribbit1
D:8:      layout_basic, minitemple, ebering_ghost_reflecting_pool, hex_large,
          uniq_joseph
D:9:      layout_basic, serial_shops, nicolae_shop_gaudy_bauble
D:10:     wander_river, layout_basic, lair_entry_dummy, enter_bailey_5,
          roderic_batcave, minmay_misc_feat_secret_circle, uniq_josephine
Temple:   hellmonk_temple_rainy

Skill      XL: |  1  2  3  4  5  6  7  8  9 10 |
---------------+-------------------------------+-----
Fighting       | 1 2 3 4 5 |  5.3
Armour         | 1 2 3 4 5 |  5.0
Dodging        | 3 4 5 6 7 8 |  8.1
Stealth        | 3 4 5 6 7 8 |  8.7
Spellcasting   | 4 5 6 7 8 |  8.9
Ice Magic      | 5 6 7 8 |  8.1
Summonings     | 2 4 |  4.0
Conjurations   | 2 4 5 |  5.3

Action                     |  1- 3 |  4- 6 |  7- 9 | 10-12 || total
---------------------------+-------+-------+-------+-------++-------
  Melee: Unarmed           |    15 |       |       |       ||    15
         Punch             |     1 |       |     3 |     2 ||     6
         Dagger            |     9 |    27 |    11 |       ||    47
         Trident           |       |       |   145 |    80 ||   225
         Short sword       |       |       |    18 |       ||    18
   Cast: Freeze            |    53 |    40 |    26 |       ||   119
         Frozen Ramparts   |       |     4 |    32 |    18 ||    54
         Ozocubu's Armour  |       |     1 |    19 |    10 ||    30
         Summon Ice Beast  |       |       |     3 |     8 ||    11
         Magic Dart        |       |       |     2 |       ||     2
  Evoke: Wand              |       |       |     1 |       ||     1
    Use: Potion            |       |       |     3 |       ||     3
         Scroll            |       |       |    15 |     2 ||    17
   Stab: Sleeping          |     3 |    10 |    11 |     2 ||    26
         Distracted        |       |       |       |     1 ||     1
 Armour: Robe              |    24 |    35 |    89 |       ||   148
         Steam dragon scal |       |       |    32 |    68 ||   100
  Dodge: Dodged            |    38 |    49 |   161 |    88 ||   336

Table legend: (Time is in decaauts)
 A = Elapsed time spent in this place.
 B = Non-inter-level travel time spent in this place.
 C = Inter-level travel time spent in this place.
 D = Time resting spent in this place.
 E = Time spent auto-exploring this place.
 F = Levels seen in this place.
 G = Mean time per level.
                   A        B        C        D        E       F      G
               +--------+--------+--------+--------+--------+-----+--------+
         Total |  10044 |   9595 |    449 |   2018 |   4963 |  11 |  913.1 |
       Dungeon |  10019 |   9570 |    449 |   2018 |   4963 |  10 | 1001.9 |
        Temple |     24 |     24 |      0 |      0 |      0 |   1 |   24.0 |
               +--------+--------+--------+--------+--------+-----+--------+

Top non-repeatable levels by time:
     D:9: 1689 daAuts
     D:8: 1547 daAuts
     D:7: 1275 daAuts
     D:6: 1245 daAuts
     D:4: 970 daAuts
     D:1: 894 daAuts
     D:2: 740 daAuts
     D:5: 716 daAuts
     D:3: 708 daAuts
    D:10: 233 daAuts
  Temple: 24 daAuts
